 Dungeon Crawl Stone Soup version 0.29.1-15-g9cfb28693d (webtiles) character file.

Game seed: 15188089159344375849

30 H0rd4k the Charlatan (level 3, -3/24 HPs)
             Began as an Octopode Artificer on Mar 14, 2023.
             Slain by a kobold
             ... wielding a +0 dagger
              (4 damage)
             ... on level 2 of the Dungeon.
             The game lasted 00:01:00 (1625 turns).

H0rd4k the Charlatan (Octopode Artificer)           Turns: 1625, Time: 00:01:01

Health: -3/24      AC:  1    Str: 11    XL:     3   Next: 20%
Magic:  5/5        EV: 13    Int: 15    God:
Gold:   63         SH:  0    Dex: 12    Spells: 5/5 levels left

rFire   . . .      SeeInvis .   (no weapon)
rCold   . . .      Faith    .   (no shield)
rNeg    . . .      Spirit   .   (helmet restricted)
rPois   .          Reflect  .   (no amulet)
rElec   .          Harm     .   (no ring)
rCorr   .          Rampage  .   (no ring)
Will    .....                   (no ring)
Stlth   +++.......              (no ring)
HPRegen 0.08/turn               (no ring)
MPRegen 0.09/turn               (no ring)
                                (no ring)
                                (no ring)

@: lethally poisoned (-3 -> -7)
A: almost no armour, amphibious, 8 rings, camouflage 1, gelatinous body 1,
(nimble swimmer 1), tentacles
a: no special abilities


You were on level 2 of the Dungeon.
You visited 1 branch of the dungeon, and saw 2 of its levels.

You collected 63 gold pieces.

Inventory:

Wands
 b - a wand of flame (15) (quivered)
 c - a wand of charming (14)
 d - a wand of iceblast (5)
Scrolls
 a - 3 scrolls of fear {unknown}
 g - a scroll of teleportation {unknown}
 i - a scroll of identify {unknown}
Potions
 e - 2 potions of experience {unknown}
 f - a potion of heal wounds {unknown}
 h - 3 potions of haste {unknown}
 j - a potion of brilliance {unknown}


   Skills:
 * Level 2.0 Fighting
 - Level 2.3 Dodging
 - Level 1.3 Stealth
 + Level 0.9 Unarmed Combat
 * Level 1.5 Spellcasting
 - Level 3.2 Evocations


You had 5 spell levels left.
You didn't know any spells.
Your spell library contained the following spells:

 Spells                   Type           Power      Damage    Failure   Level
 Summon Small Mammal      Summ           4%         N/A       24%         1
 Call Canine Familiar     Summ           1%         N/A       56%         3
 Summon Guardian Golem    Hex/Summ       1%         N/A       56%         3


Dungeon Overview and Level Annotations

Branches:
Dungeon (2/15)

Altars:


Innate Abilities, Weirdness & Mutations

You cannot wear most types of armour.
You are amphibious.
You can wear up to eight rings at the same time.
Your skin changes colour to match your surroundings (Stealth+).
Your rubbery body absorbs attacks. (AC +1, EV +1)
((You are camouflaged when in or above water. (Stealth+)))
You have tentacles for arms and can constrict up to eight enemies at once.


Message History

Your squeeze misses the adder.
The adder is lightly wounded.
The adder closely misses you.
You tentacle-slap the adder. Your grab misses the adder.
The adder is heavily wounded.
The adder barely misses you. The adder closely misses you.
You miss the adder. Your grab misses the adder.
The adder is heavily wounded.
The adder closely misses you. The kobold hits you with a +0 dagger.
You miss the adder. Your grab misses the adder. Your squeeze misses the adder.
The adder is heavily wounded.
The adder bites you.
You are poisoned.
The adder poisons you! The kobold hits you with a +0 dagger.
You closely miss the adder. Your grab misses the adder.
Your squeeze misses the adder.
The adder is heavily wounded.
You feel sick. The adder bites you. The kobold hits you with a +0 dagger.
The adder barely misses you.
You tentacle-slap the adder. Your grab misses the adder.
You tentacle-slap the adder, but do no damage.
Your squeeze misses the adder.
The adder is severely wounded.
You feel sick. The adder misses you. The kobold hits you with a +0 dagger.
* * * LOW HITPOINT WARNING * * *
You miss the adder. Your grab misses the adder. Your squeeze misses the adder.
The adder is severely wounded.
You feel sick. The adder barely misses you.
The kobold hits you with a +0 dagger.
* * * LOW HITPOINT WARNING * * *
You miss the adder. Your grab misses the adder.
Your tentacle-slap misses the adder.
Your squeeze misses the adder.
The adder is severely wounded.
You feel sick.
You are no longer poisoned.
The adder bites you.
* * * LOW HITPOINT WARNING * * *
You are lethally poisoned!
The adder poisons you! The kobold hits you with a +0 dagger.
You die...

..#.#.. # .......
.#.........
##......#....
.............
#.......##....
..########..##..........
#.....K....##.....####..
#.S@..##..<..# ###
#...###.......# ....#
###...####### ...
#...>.......##### #
.....#..#####......
#.....#..# #######
#.....#.># # ##......##
#......#


You could see an adder and a kobold.

Vanquished Creatures
  2 endoplasms
  5 goblins
  A hobgoblin (D:2)
  4 jackals (D:1)
  2 quokkas
  2 ball pythons (D:1)
  3 bats
  A frilled lizard (D:1)
  4 kobolds
  3 rats
27 creatures vanquished.

Vanquished Creatures (collateral kills)
  A rat (D:1)
1 creature vanquished.

Grand Total: 28 creatures vanquished

Notes
Turn   | Place    | Note
-------+----------+-------------------------------------------
     0 | D:1      | H0rd4k the Octopode Artificer began the quest for the Orb.
     0 | D:1      | Reached XP level 1. HP: 13/13 MP: 1/1
   110 | D:1      | Reached XP level 2. HP: 4/18 MP: 1/3
   115 | D:1      | Reached skill level 1 in Spellcasting
  1277 | D:2      | Reached XP level 3. HP: 21/24 MP: 5/5
  1589 | D:2      | Found a faded altar of an unknown god.
  1625 | D:2      | HP: 1/24 [adder (2)]
  1625 | D:2      | Slain by a kobold

Illustrated notes

Levels and vault maps discovered:
D:1:      lemuel_arrival_rhombus, layout_basic
D:2:      layout_rooms, basic_altar, ebering_ecumenical_altar_abandoned

Skill      XL: |  1  2  3 |
---------------+----------+-----
Spellcasting   | 1 |  1.5
Fighting       | 2 |  2.0
Dodging        | |  2.3
Stealth        | |  1.3
Unarmed Combat | |  0.9
Evocations     | |  3.2

Action                   || total
-------------------------++-------
Melee: Unarmed           ||    77
       Constrict         ||    17
       Tentacles         ||    16
       Punch             ||     2
Evoke: Wand              ||     1
 Stab: Sleeping          ||     6
Armor: Skin              ||     5
Dodge: Dodged            ||    48
